 Dungeon Crawl Stone Soup version 0.31-a0-246-g8cbcc1cb85 (webtiles) character file.

Game seed: 9879256179907151762

15 qw the Shooter (level 2, 0/24 HPs)
             Began as a Minotaur Hexslinger on July 12, 2023.
             Constricted to death by a ball python (1 damage)
             ... on level 1 of the Dungeon.
             The game lasted 00:00:06 (199 turns).

qw the Shooter (Minotaur Hexslinger)                 Turns: 199, Time: 00:00:07

Health: 0/24       AC:  2    Str: 12    XL:     2   Next: 34%
Magic:  2/2        EV:  9    Int: 10    God:
Gold:   6          SH:  0    Dex: 12    Spells: 2/3 levels left

rFire   . . .        Y - +1 sling
rCold   . . .        (no shield)
rNeg    . . .        c - +0 robe
rPois   .            (helmet restricted)
rElec   .            (no cloak)
rCorr   .            (no gloves)
SInv    .            (no boots)
Will    .....        (no amulet)
Stlth   +            (no ring)
HPRegen 0.24/turn    (no ring)
MPRegen 0.08/turn

%: no passive effects
@: constricted
A: horns 2, retaliatory headbutt
a: no special abilities


You were on level 1 of the Dungeon.
You visited 1 branch of the dungeon, and saw 1 of its levels.

You collected 6 gold pieces.


Innate Abilities, Weirdness & Mutations

You have a pair of horns on your head.
You reflexively headbutt those who attack you in melee.


   Skills:
 + Level 1.9 Fighting
 - Level 3.1 Ranged Weapons
 - Level 2.1 Dodging
 - Level 1.0 Spellcasting
 - Level 2.0 Hexes


You had 2 spell levels left.
You knew the following spells:

 Your Spells              Type           Power      Damage    Failure   Level
a - Slow                  Hex            16%        N/A       16%         1

Your spell library contained the following spells:

 Spells                   Type           Power      Damage    Failure   Level
 Inner Flame              Hex/Fire       2%         N/A       56%         3
 Portal Projectile        Hex/Tloc       4%         N/A       56%         3
 Cause Fear               Hex            2%         N/A       83%         4

Inventory:

Hand Weapons
 Y - a +1 sling (weapon)
Armour
 c - a +0 robe (worn)
Scrolls
 b - a scroll of poison
 e - a scroll of enchant weapon {unknown}
Potions
 f - a potion of heal wounds {unknown}
 g - a potion of mutation {unknown}

Dungeon Overview and Level Annotations

Branches:
Dungeon (1/15)

Altars:


Message History

A hobgoblin comes into view.
You shoot a sling bullet.
The sling bullet closely misses the hobgoblin.
The hobgoblin hits you. The hobgoblin closely misses you.
You shoot a sling bullet.
The sling bullet barely misses the goblin.
The goblin misses you. The hobgoblin hits you.
A ball python comes into view.
You shoot a sling bullet. The sling bullet misses the goblin.
The ball python hisses angrily.
The sling bullet hits the hobgoblin.
The hobgoblin is severely wounded.
A quokka comes into view.
The goblin misses you. The hobgoblin hits you.
You shoot a sling bullet. The sling bullet hits the goblin.
The goblin is severely wounded.
A ball python comes into view.
The goblin hits you with a +0 dagger.
The hobgoblin hits you but does no damage.
The ball python moves out of view.
You shoot a sling bullet. The sling bullet hits the goblin.
You kill the goblin!
A jackal comes into view.
The hobgoblin barely misses you.
You shoot a sling bullet. The jackal barks!
The sling bullet hits the hobgoblin.
You kill the hobgoblin!
The hobgoblin hits you. The hobgoblin misses you.
You shoot a sling bullet. The sling bullet hits the hobgoblin.
You kill the hobgoblin!
The ball python barely misses you. The ball python grabs you.
The ball python constricts you.
You shoot a sling bullet.
The sling bullet closely misses the ball python.
The sling bullet barely misses the ball python.
The sling bullet closely misses the jackal.
The ball python bites you. The ball python constricts you.
The ball python barely misses you. The ball python constricts you.
You die...

###.........###.......
#...........###.#...
#.........#.# #.....
#...........# #.....
#..#.....#..# #.#.#.
#.###...### .....
#..#..#.. .#.#.
##...###. ##@## #.rS#
#..#S%# #.###.h. #..
..... ##! ....... ##
....... .......


You could see a quokka, a jackal and 2 ball pythons.

Vanquished Creatures
  A dart slug (D:1)
  A bat (D:1)
  An endoplasm (D:1)
  2 goblins (D:1)
  4 hobgoblins (D:1)
  A jackal (D:1)
10 creatures vanquished.

Notes
Turn   | Place    | Note
-------+----------+-------------------------------------------
     0 | D:1      | qw the Minotaur Hexslinger began the quest for the Orb.
     0 | D:1      | Reached XP level 1. HP: 16/16 MP: 1/1
     0 | D:1      | 0 ||| qw: Version: 0.3-a-52-g30416fa
     0 | D:1      | 0 ||| qw: Game counter: 6529
     0 | D:1      | 0 ||| qw: Melee chars always use a shield: true
     0 | D:1      | 0 ||| qw: God list: Okawaru
     0 | D:1      | 0 ||| qw: Allow faded altars: false
     0 | D:1      | 0 ||| qw: Do Orc after clearing Dungeon:15 true
     0 | D:1      | 0 ||| qw: Do second Lair branch before Depths: true
     0 | D:1      | 0 ||| qw: Lair rune preference: random
     0 | D:1      | 0 ||| qw: Goals: Normal
     0 | D:1      | 0 ||| PLANNING D:1-11
   144 | D:1      | Reached skill level 3 in Ranged Weapons
   144 | D:1      | Reached XP level 2. HP: 22/23 MP: 2/2
   176 | D:1      | 176 ||| READING scroll labelled ONNYIM QAKEN.
   197 | D:1      | HP: 5/23 [hobgoblin (4)]
   199 | D:1      | HP: 2/24 [ball python (3)]
   199 | D:1      | Constricted to death by a ball python

Levels and vault maps discovered:
D:1:      lemuel_arrival_funnel, layout_rooms, basic_ecumenical_altar,
          serial_glass, glass_columns_a, glass_columns_a, glass_columns_a,
          glass_columns_a, glass_columns_b, glass_columns_b, glass_columns_c,
          glass_columns_b, minmay_strange_pillars, item_on_display_a,
          minmay_heptomino_o4

Skill      XL: |  1 |
---------------+----+-----
Ranged Weapons | 3 |  3.1
Fighting       | |  1.9
Dodging        | |  2.1
Spellcasting   | |  1.0
Hexes          | |  2.0

Action                     || total
---------------------------++-------
   Fire: Sling             ||    34
    Use: Scroll            ||     1
 Armour: Robe              ||     3
  Dodge: Dodged            ||    12

Table legend:
 A = Non-vault XP
 B = Vault XP
 C = Vault XP percentage of total XP
 D = Non-vault monster count
 E = Vault monster count
 F = Vault count percentage of total count
                 A         B        C        D         E       F
            +---------+---------+-------+---------+---------+-------
      Total |      22 |       0 |   0.0 |      10 |       0 |   0.0
            +---------+---------+-------+---------+---------+-------
        D:1 |      22 |       0 |   0.0 |      10 |       0 |   0.0
            +---------+---------+-------+---------+---------+-------
